 Dungeon Crawl Stone Soup version 0.25.1-11-g244df3a29b (webtiles) character file.

Game seed: 15770307429400569462

451 DeepDeath the Cudgeler (level 7, -1/55 HPs)
             Began as a Hill Orc Air Elementalist on Dec 29, 2023.
             Was a Follower of Qazlal.
             Slain by a hornet zombie (4 damage)
             ... in an ossuary.
             The game lasted 00:20:49 (5275 turns).

DeepDeath the Cudgeler (Hill Orc Air Elementalist)  Turns: 5275, Time: 00:20:49

Health: -1/55      AC:  4    Str: 13    XL:     7   Next: 4%
Magic:  8/19       EV: 12    Int: 15    God:    Qazlal [*.....]
Gold:   122        SH:  2    Dex: 11    Spells: 4/10 levels left

rFire    . . .     SeeInvis .   o - +0 mace
rCold    . . .     Gourm    .   (no shield)
rNeg     . . .     Faith    +   a - +0 robe
rPois    .         Spirit   .   b - +0 helmet
rElec    .         Reflect  .   (no cloak)
rCorr    .         Harm     .   q - +0 pair of gloves
MR       .....                  (no boots)
Stlth    ++........             l - amulet of faith
HPRegen  0.18/turn              k - ring of magical power
MPRegen  0.16/turn              (no ring)

@: no status effects
A: no striking features
a: Renounce Religion


You were in an ossuary.
You worshipped Qazlal.
Qazlal was aware of your devotion.
You were very hungry.

You visited 1 branch of the dungeon, and saw 4 of its levels.
You also visited: Ossuary.

You collected 122 gold pieces.

Inventory:

Hand Weapons
 n - a +0 flail
 o - a +0 mace (weapon)
Missiles
 d - 27 sling bullets
 e - 108 stones
 m - 72 arrows
 D - 17 poisoned darts (quivered)
 Z - 4 curare-tipped darts
Armour
 a - a +0 robe (worn)
 b - a +0 helmet (worn)
 j - a +0 ring mail
 q - a +0 pair of gloves (worn)
 v - a +0 leather armour
Jewellery
 k - a ring of magical power (left hand)
 l - an amulet of faith (around neck)
Scrolls
 h - 2 scrolls of amnesia
Potions
 g - a potion of stabbing
Comestibles
 c - 6 rations


   Skills:
 - Level 2.0 Fighting
 * Level 5.1 Maces & Flails
 - Level 2.0 Armour
 - Level 1.5 Dodging
 - Level 2.0 Stealth
 - Level 2.0 Spellcasting
 - Level 3.0 Conjurations
 - Level 3.0 Air Magic


You had 4 spell levels left.
You knew the following spells:

 Your Spells              Type           Power        Failure   Level  Hunger
n - Swiftness             Chrm/Air       #.......     19%         2    ###....
s - Static Discharge      Conj/Air       ##......     19%         3    ###....
z - Shock                 Conj/Air       ##..         6%          1    #......

Your spell library contained the following spells:

 Spells                   Type           Power        Failure   Level  Hunger
 Airstrike                Air            ##........   54%         4    #####..
 Lightning Bolt           Conj/Air       ##........   87%         5    ######.


Dungeon Overview and Level Annotations

Branches:
Dungeon (4/15)            Ossuary (1/1)
 Temple: D:4-7

Altars:
Qazlal
Xom


Message History

Casting: Shock (safe; 6% risk of failure)
Confirm with . or Enter, or press ? or * to list all spells.
Aiming: Shock (safe; 6% risk of failure)
Press: ? - help, Shift-Dir - straight line The zap hits the hornet zombie.
The hornet zombie is heavily damaged.
The zap hits the hornet zombie.
The hornet zombie is severely damaged.
You block the hornet zombie's attack.
Unknown command.
Casting: Shock (safe; 6% risk of failure)
Confirm with . or Enter, or press ? or * to list all spells.
Aiming: Shock (safe; 6% risk of failure)
Press: ? - help, Shift-Dir - straight line The zap hits the hornet zombie.
The hornet zombie is severely damaged.
The zap hits the hornet zombie.
The hornet zombie is severely damaged.
The hornet zombie barely misses you. The hornet zombie hits you.
You die...

.# ..' #####.#
#∩..#.'
#.@.#.###
#.Z.#.'.
#'##'##'##.###
...........'.#
'#'#'#'#'#'###
# #.#.#.#
#######


You could see a hornet zombie.

Vanquished Creatures
  A crimson imp (D:2)
  A worker ant (D:4)
  An orc wizard (D:3)
  A hound zombie (Ossuary)
  9 mummies (Ossuary)
  Robin (D:3)
  2 worker ant zombies (Ossuary)
  A gnoll (D:1)
  5 adders
  2 worms (D:2)
  3 dart slugs
  A leopard gecko (D:1)
  8 orcs
  8 bats
  5 giant cockroaches
  16 goblins
  15 hobgoblins
  8 kobolds
  A quokka (D:4)
  A ball python (D:1)
  A frilled lizard (D:1)
  A giant cockroach zombie (Ossuary)
  A gnoll zombie (D:4)
  A quokka skeleton (D:4)
  7 rats (D:1)
101 creatures vanquished.

Vanquished Creatures (others)
  2 withered plants (Ossuary)
2 creatures vanquished.

Grand Total: 103 creatures vanquished

Notes
Turn   | Place    | Note
-------+----------+-------------------------------------------
     0 | D:1      | DeepDeath the Hill Orc Air Elementalist began the quest for
                  | the Orb.
     0 | D:1      | Reached XP level 1. HP: 14/14 MP: 3/3
   321 | D:1      | Reached XP level 2. HP: 19/20 MP: 0/4
   386 | D:1      | You fall into a shaft and drop 1 floor!
   536 | D:2      | Found a shimmering altar of Xom.
   980 | D:2      | Noticed a crimson imp
  1081 | D:2      | Reached XP level 3. HP: 26/26 MP: 2/5
  1236 | D:2      | Reached skill level 1 in Maces & Flails
  1867 | D:1      | Learned a level 2 spell: Swiftness
  1901 | D:1      | You fall into a shaft and drop 1 floor!
  2158 | D:1      | Reached XP level 4. HP: 27/33 MP: 6/6
  2450 | D:2      | Found a stormy altar of Qazlal.
  2468 | D:2      | Reached skill level 2 in Maces & Flails
  2474 | D:2      | Became a worshipper of Qazlal Stormbringer
  2840 | D:2      | Reached XP level 5. HP: 31/38 MP: 8/8
  3198 | D:3      | Reached skill level 3 in Maces & Flails
  3202 | D:3      | Noticed Robin
  3219 | D:3      | Killed Robin
  3552 | D:3      | Learned a level 3 spell: Static Discharge
  3615 | D:3      | Reached * piety under Qazlal
  4331 | D:3      | Reached XP level 6. HP: 46/46 MP: 9/9
  4586 | D:4      | Found a sand-covered staircase.
  4609 | D:4      | Reached skill level 1 in Fighting
  4609 | D:4      | Reached skill level 1 in Armour
  4822 | D:4      | Reached skill level 4 in Maces & Flails
  4832 | Ossuary  | Entered an ossuary
  5200 | Ossuary  | Reached skill level 5 in Maces & Flails
  5200 | Ossuary  | Reached XP level 7. HP: 34/55 MP: 10/10
  5275 | Ossuary  | Slain by a hornet zombie

Illustrated notes

Levels and vault maps discovered:
D:1:      onia_arrival_handbag, layout_loops_corners, st_stairs_10
D:2:      layout_basic, lemuel_coloured_pillars_altar,
          nicolae_qazlal_eye_of_the_storm
D:3:      layout_loops_ring, uniq_robin
D:4:      layout_basic, temple_green, enter_ossuary_3, uniq_duvessa,
          uniq_grinder
Ossuary:  ossuary_zaba_flooded

Skill      XL: |  1  2  3  4  5  6 |
---------------+-------------------+-----
Maces & Flails | 1 2 3 5 |  5.1
Stealth        | 2 |  2.0
Conjurations   | 2 3 |  3.0
Spellcasting   | 2 |  2.0
Air Magic      | 3 |  3.0
Fighting       | 2 |  2.0
Armour         | 2 |  2.0
Dodging        | |  1.5

Action                   |  1- 3 |  4- 6 |  7- 9 || total
-------------------------+-------+-------+-------++-------
Melee: Club              |    65 |     5 |       ||    70
       Mace              |       |   102 |     3 ||   105
Throw: Stone             |     1 |     2 |       ||     3
 Cast: Shock             |    51 |   144 |    16 ||   211
  Use: Scroll            |     6 |     5 |       ||    11
       Potion            |       |     3 |       ||     3
 Stab: Sleeping          |     3 |     2 |       ||     5
  Eat: Chunk             |     5 |     9 |       ||    14
       Ration            |       |     1 |       ||     1
Armor: Robe              |    27 |    31 |     1 ||    59
Dodge: Dodged            |    63 |   104 |     4 ||   171
Block: Other             |       |     4 |     2 ||     6
